 Dungeon Crawl Stone Soup version 0.16-a0-764-g7febf84 (webtiles) character file.

1104 MackTheKnife the Grappler (level 8, -4/66 HPs)
             Began as a Ghoul Wanderer on Sept 24, 2014.
             Was an Initiate of Makhleb.
             Killed from afar by Somebody's ghost (11 damage)
             ... with a spray of energy
             ... on Level 5 of the Dungeon.
             The game lasted 00:13:34 (5687 turns).

MackTheKnife the Grappler (Ghoul Wanderer)          Turns: 5687, Time: 00:13:35

HP  -4/66        AC  8     Str 17      XL: 8   Next: 32%
MP   7/7         EV  8     Int  7      God: Makhleb [......]
Gold 190         SH  0     Dex  9      Spells:  0 memorised,  7 levels left

rFire  . . .     SeeInvis .       - Unarmed
rCold  + . .     Clarity  .     k - -2 scale mail (curse)
rNeg   + + +     rCorr    .     (no shield)
rPois  +         rRot     +     (no helmet)
rElec  .         Spirit   .     u - +0 cloak
SustAb .         Warding  .     (no gloves)
rMut   .         Stasis   .     g - +2 pair of boots
Saprov + + +                    (no amulet)
MR     .....                    (no ring)
                                f - ring of flight

@: rotting, glowing, not resistant to hostile enchantments, extremely unstealthy
A: rotting body, claws 1, carnivore 3, cold resistance 1, negative energy
resistance 3, poison resistance, saprovore 3, slow healing 1, torment
resistance, unbreathing
a: Renounce Religion, Evoke Flight


You were on level 5 of the Dungeon.
You worshipped Makhleb.
Makhleb was noncommittal.
You were not hungry.

You visited 2 branches of the dungeon, and saw 6 of its levels.

You collected 190 gold pieces.


Innate Abilities, Weirdness & Mutations

Your body is rotting away.
You have sharp fingernails.
You are carnivorous and can eat meat at any time.
Your flesh is cold resistant.
You are immune to negative energy.
Your system is resistant to poisons.
You thrive on rotten meat.
You heal slowly when monsters are visible.
You are immune to unholy pain and torment.
You can survive without breathing.


   Skills:
 + Level 4.1 Fighting
   Level 1.0 Axes
 - Level 1.0 Armour
 - Level 1.0 Dodging
 - Level 2.1 Stealth
 - Level 10.0 Unarmed Combat
 - Level 1.0 Evocations


You had 7 spell levels left.
You didn't know any spells.

Inventory:

Missiles
 e - 107 stones
 m - 11 tomahawks (quivered)
Armour
 b - a cursed +0 scale mail
 c - a +1 ring mail
 g - a +2 pair of boots (worn)
 k - a cursed -2 scale mail (worn)
 n - a +0 leather armour
 u - a +0 cloak (worn)
 w - a +0 large shield
Magical devices
 a - a wand of slowing (15)
Comestibles
 l - 3 meat rations
 v - a beef jerky
 x - 2 rotting chunks of hound flesh {@*1}
 z - a royal jelly
Scrolls
 q - a scroll of enchant weapon
 t - 2 scrolls of identify
Jewellery
 f - a ring of flight (left claw)
Potions
 d - a potion of might {unknown}
 h - a potion of brilliance {unknown}
 i - a potion of flight {unknown}
 o - a potion of mutation {unknown}
 p - a potion of berserk rage {unknown}
 r - a potion of agility
 s - a potion of resistance {unknown}

▒·▒··········▒ ▒
▒▒▒'▒▒▒····▒
▒·▒·····▒····▒▒▒▒·
▒?▒·▒·⌠·⌠·▒(········
▒···'··>(·'·'▒·▒▒▒▒▒
▒··▒▒·((⌠·▒▒·▒·▒
▒·····▒▒·▒·▒
▒▒▒(▒▒▒▒·▒·
▒(▒▒▒▒n▒▒▒▒▒▒▒
▒··KW··········
▒▒▒▒▒▒▒▒▒▒▒▒▒▒


You could see Somebody's ghost and a kobold.


Message History

Somebody's ghost hits you.
* * * LOW HITPOINT WARNING * * *
Somebody's ghost burns you.
* * * LOW HITPOINT WARNING * * *
You claw Somebody's ghost!
Somebody's ghost is severely damaged.
Somebody's ghost hits you but does no damage.
You miss Somebody's ghost.
Somebody's ghost is severely damaged.
Somebody's ghost hits you!
* * * LOW HITPOINT WARNING * * *
Somebody's ghost burns you.
* * * LOW HITPOINT WARNING * * *
You closely miss Somebody's ghost.
Somebody's ghost is severely damaged.
You barely miss Somebody's ghost.
Somebody's ghost is severely damaged.
Somebody's ghost hits you but does no damage.
You miss Somebody's ghost.
Somebody's ghost is severely damaged.
Somebody's ghost hits you!
* * * LOW HITPOINT WARNING * * *
Somebody's ghost burns you.
* * * LOW HITPOINT WARNING * * *
Unknown command.
Read which item? (? for menu, Esc to quit)
Okay, then.
Somebody's ghost casts a spell at you. The spray of energy hits you!
You die...

Action                   |  1- 3 |  4- 6 |  7- 9 || total
-------------------------+-------+-------+-------++-------
Melee: Unarmed           |   163 |   226 |   237 ||   626
Throw: Tomahawk          |    10 |    27 |    10 ||    47
       Stone             |     6 |     5 |       ||    11
Evoke: Wand              |       |     1 |     3 ||     4
  Use: Scroll            |     5 |     7 |     1 ||    13
       Potion            |       |     2 |     2 ||     4
 Stab: Invisible         |       |     3 |       ||     3
  Eat: Chunk             |     4 |    12 |     9 ||    25

Vault maps used:
D:1:      dpeg_arrival_lava_temple_mockup
D:2:      first_bread, uniq_terence
D:3:      kennysheep_six_static_rooms, uniq_sigmund
D:4:      serial_forest, infiniplex_forest_clump_long,
          infiniplex_forest_clump_diagonal, infiniplex_forest_zigzag_1,
          infiniplex_forest_lined_ring, infiniplex_forest_end_2,
          infiniplex_forest_straight_4, infiniplex_forest_clump_cross,
          infiniplex_forest_straight_4, uniq_edmund
D:5:      minmay_temple_entry_hall, minmay_door_square, minmay_crystal_water,
          st_stairs_1
Temple:   temple_eino_lava_12

Notes
Turn   | Place    | Note
--------------------------------------------------------------
     0 | D:1      | MackTheKnife, the Ghoul Wanderer, began the quest for the Orb.
     0 | D:1      | Reached XP level 1. HP: 17/17 MP: 1/1
    94 | D:1      | Reached XP level 2. HP: 18/24 MP: 2/2
   165 | D:1      | Reached skill level 3 in Unarmed Combat
   645 | D:1      | Reached XP level 3. HP: 27/29 MP: 3/3
   796 | D:1      | Reached skill level 4 in Unarmed Combat
  1283 | D:2      | Reached XP level 4. HP: 11/36 MP: 3/3
  1595 | D:2      | Noticed Terence
  1606 | D:2      | Killed Terence
  1606 | D:2      | Reached skill level 5 in Unarmed Combat
  2084 | D:2      | Reached XP level 5. HP: 21/39 MP: 4/4
  2396 | D:2      | Reached skill level 6 in Unarmed Combat
  2855 | D:3      | Noticed P0WERM0DE's ghost (average DsWz)
  2884 | D:3      | HP: 4/40 [P0WERM0DE's ghost/magic dart (6)]
  3390 | D:3      | Reached XP level 6. HP: 22/44 MP: 6/6
  3899 | D:3      | Reached skill level 7 in Unarmed Combat
  4087 | D:3      | Noticed Sigmund
  4100 | D:3      | Killed Sigmund
  4270 | D:4      | Noticed Protee's ghost (average OpWz)
  4286 | D:4      | Killed Protee's ghost
  4286 | D:4      | Reached skill level 8 in Unarmed Combat
  4286 | D:4      | Reached XP level 7. HP: 46/53 MP: 6/6
  4644 | D:4      | Noticed Edmund
  4701 | D:4      | HP: 5/54 [Edmund/flail of holy wrath (2)]
  4704 | D:4      | Killed Edmund
  4704 | D:4      | Reached skill level 9 in Unarmed Combat
  5321 | D:5      | Entered Level 5 of the Dungeon
  5347 | D:5      | Reached skill level 10 in Unarmed Combat
  5347 | D:5      | Reached XP level 8. HP: 44/61 MP: 7/7
  5418 | D:5      | Reached skill level 3 in Fighting
  5514 | D:5      | Reached skill level 4 in Fighting
  5578 | D:5      | Noticed Somebody's ghost (average DEEn)
  5581 | D:5      | Found a staircase to the Ecumenical Temple.
  5587 | Temple   | Entered the Ecumenical Temple
  5595 | Temple   | Became a worshipper of Makhleb the Destroyer
  5687 | D:5      | Killed from afar by Somebody's ghost

Vanquished Creatures
  The ghost of Protee the Magician, an average OpWz (D:4)
  Edmund (D:4)
  An ice beast (D:5)
  A sky beast (D:5)
  Sigmund (D:3)
  2 hounds
  A crimson imp (D:5)
  An orc priest (D:3)
  An iguana (D:4)
  2 orc wizards
  A worker ant (D:4)
  An ogre zombie (D:5)
  Terence (D:2)
  6 adders
  3 gnolls (D:2)
  6 worms
  A shadow imp (D:5)
  5 giant geckos
  An ooze (D:1)
  17 orcs
  A ball python (D:1)
  11 bats
  7 giant cockroaches
  12 goblins
  12 hobgoblins
  14 jackals
  12 kobolds
  5 quokkas
  A giant gecko skeleton (D:3)
  7 giant newts
  A goblin skeleton (D:4)
  An orc skeleton (D:4)
  11 rats
  A bush (D:4)
150 creatures vanquished.
